 Dungeon Crawl Stone Soup version 0.29.1-15-g9cfb28693d (webtiles) character file.

Game seed: 2273936702323427065

1873 Peloso the Carver (level 8, -7/70 HPs)
             Began as a Minotaur Fighter on Apr 22, 2023.
             Mangled by an orc warrior
             ... wielding a +0 whip
              (14 damage)
             ... on level 6 of the Dungeon.
             The game lasted 00:09:25 (6674 turns).

Peloso the Carver (Minotaur Fighter)                Turns: 6674, Time: 00:09:26

Health: -7/70      AC:  8    Str: 20    XL:     8   Next: 91%
Magic:  7/7        EV: 10    Int:  5    God:
Gold:   313        SH:  5    Dex: 13    Spells: 7/7 levels left

rFire   . . .      SeeInvis .   a - +0 long sword
rCold   . . .      Faith    .   c - +0 buckler
rNeg    . . .      Spirit   .   b - +0 scale mail
rPois   .          Reflect  .   (helmet restricted)
rElec   .          Harm     .   (no cloak)
rCorr   .          Rampage  .   (no gloves)
Will    .....                   (no boots)
Stlth   ..........              (no amulet)
HPRegen 0.21/turn               (no ring)
MPRegen 0.10/turn               (no ring)

@: no status effects
A: horns 2, retaliatory headbutt
a: no special abilities


You were on level 6 of the Dungeon.
You visited 1 branch of the dungeon, and saw 6 of its levels.

You collected 313 gold pieces.

Inventory:

Hand Weapons
 a - a +0 long sword (weapon)
Armour
 b - a +0 scale mail (worn)
 c - a +0 buckler (worn)
Jewellery
 f - a ring of magical power
 h - an amulet of the acrobat
 v - an amulet of guardian spirit
Wands
 i - a wand of flame (4)
 s - a wand of paralysis (2)
 w - a wand of quicksilver (9)
Scrolls
 e - 2 scrolls of amnesia
 j - a scroll of acquirement
 k - a scroll of blinking
 l - a scroll of teleportation {unknown}
 m - 3 scrolls of enchant weapon
 o - 2 scrolls of immolation
 r - a scroll of silence
 x - a scroll of magic mapping {unknown}
Potions
 d - a potion of might
 g - a potion of curing
 n - 2 potions of mutation
 p - a potion of invisibility
 q - 3 potions of flight {unknown}
 t - a potion of haste {unknown}
 u - a potion of degeneration {unknown}


   Skills:
 + Level 6.0 Fighting
 + Level 8.4 Long Blades
 + Level 8.2 Armour
 + Level 2.9 Dodging
 + Level 1.1 Stealth
 + Level 6.6 Shields
 + Level 0.6 Evocations


You had 7 spell levels left.
You didn't know any spells.
Your spell library contained the following spells:

 Spells                   Type           Power      Damage    Failure   Level
 Beastly Appendage        Tmut           0%         N/A       86%         1
 Foxfire                  Conj/Fire      0%         2x1d4     86%         1
 Magic Dart               Conj           0%         1d3       86%         1
 Blink                    Tloc           0%         N/A       95%         2
 Wereblood                Tmut           0%         N/A       95%         2
 Lesser Beckoning         Tloc           0%         N/A       99%         3
 Spider Form              Tmut/Pois      0%         N/A       99%         3
 Vampiric Draining        Necr           0%         2d6       99%         3
 Borgnjor's Vile Clutch   Necr/Erth      0%         N/A       100%        5
 Manifold Assault         Tloc           0%         N/A       100%        5
 Death's Door             Necr           0%         N/A       100%        9


Dungeon Overview and Level Annotations

Branches:
Dungeon (6/15)
 Temple: D:4-7

Altars:
Kikubaaqudgha
Ru
Wu Jian

Annotations:
D:2 1 runed translucent door, Crazy Yiuf


Innate Abilities, Weirdness & Mutations

You have a pair of horns on your head.
You reflexively headbutt those who attack you in melee.


Message History

The orc warrior barely misses you.
You barely miss the orc warrior.
The orc warrior is lightly wounded.
The orc warrior barely misses you.
You completely miss the orc warrior.
The orc warrior is lightly wounded.
The orc warrior barely misses you.
You completely miss the orc warrior. You headbutt the orc warrior!
The orc warrior is heavily wounded.
The orc warrior hits you with a +0 whip.
You hit the orc warrior. You headbutt the orc warrior.
The orc warrior is severely wounded.
The orc warrior hits you with a +0 whip.
You slash the orc warrior!
The orc warrior is almost dead.
The orc warrior hits you with a +0 whip.
You hit the orc warrior but do no damage.
Your headbutt misses the orc warrior.
The orc warrior is almost dead.
The orc priest looks braver for a moment.
You block the orc warrior's attack.
You closely miss the orc warrior.
The orc warrior is almost dead.
The orc warrior hits you with a +0 whip!
* * * LOW HITPOINT WARNING * * *
You hit the orc warrior but do no damage.
The orc warrior is almost dead.
The orc warrior hits you with a +0 whip!
* * * LOW HITPOINT WARNING * * *
You hit the orc warrior but do no damage.
The orc warrior is almost dead.
The orc warrior hits you with a +0 whip.
* * * LOW HITPOINT WARNING * * *
You hit the orc warrior.
The orc warrior is almost dead.
You block the orc warrior's attack.
You barely miss the orc warrior.
The orc warrior is almost dead.
The orc warrior hits you with a +0 whip!
You die...

##.# #.### #.(...# #...#
##.<...## #...# #.......#
#...# #.......# #...#
#.......# #...## #.....##
#....##### ########.....##
##.[.....###...@oooo.....##
#...........#######...#..#.
#.......## ###...o.....
#.####.## #......###o. #)#
(# #....##...# #)# #####
#..## ###.# # ##.# ..#.#
#.# ##### #.##
#...#######...#...# #..#


You could see an orc warrior, an orc priest and 2 orcs.

Vanquished Creatures
  A steam dragon (D:5)
  A water moccasin (D:5)
  2 black bears
  5 ogres
  A phantom (D:4)
  2 bullfrogs
  A necrophage (D:6)
  3 scorpions
  2 jellies (D:5)
  2 hounds
  2 orc priests
  A gnoll bouda (D:5)
  2 orc wizards
  Robin (D:2)
  11 gnolls
  5 adders
  2 shadow imps (D:6)
  3 worms
  A dart slug (D:4)
  18 orcs
  6 endoplasms
  3 giant cockroaches
  15 goblins
  11 hobgoblins
  5 quokkas
  7 ball pythons
  9 bats
  4 frilled lizards
  10 kobolds
  7 rats
143 creatures vanquished.

Vanquished Creatures (others)
  A white imp (D:6)
  A hobgoblin (D:2)
2 creatures vanquished.

Grand Total: 145 creatures vanquished

Notes
Turn   | Place    | Note
-------+----------+-------------------------------------------
     0 | D:1      | Peloso the Minotaur Fighter began the quest for the Orb.
     0 | D:1      | Reached XP level 1. HP: 19/19 MP: 0/0
    44 | D:1      | Reached XP level 2. HP: 8/27 MP: 1/1
   265 | D:1      | You fall into a shaft and drop 1 floor!
   289 | D:2      | Reached skill level 1 in Dodging
   311 | D:2      | Reached XP level 3. HP: 33/33 MP: 2/2
   383 | D:2      | Noticed Robin
   417 | D:2      | Killed Robin
   425 | D:2      | Reached XP level 4. HP: 16/40 MP: 3/3
   624 | D:2      | Got the Disquisition on Violent Black Rites
  1020 | D:2      | Found a runed translucent door.
  1021 | D:2      | Noticed Crazy Yiuf
  1468 | D:1      | Found a faded altar of an unknown god.
  2313 | D:2      | Reached XP level 5. HP: 40/47 MP: 4/4
  2598 | D:3      | Reached skill level 5 in Armour
  2663 | D:3      | Found a sacrificial altar of Ru.
  3042 | D:3      | Identified a scroll of acquirement
  3156 | D:4      | Noticed an ogre
  3165 | D:4      | Killed an ogre
  3166 | D:4      | Reached skill level 5 in Shields
  3166 | D:4      | Reached XP level 6. HP: 30/53 MP: 5/5
  3486 | D:4      | Found an ornate altar of the Wu Jian Council.
  3623 | D:4      | Reached skill level 5 in Long Blades
  3898 | D:4      | Reached XP level 7. HP: 27/60 MP: 6/6
  4071 | D:4      | Identified the +1 leather armour of Optimism {Str+4}
  4388 | D:5      | Entered Level 5 of the Dungeon
  4861 | D:5      | Reached skill level 5 in Fighting
  4963 | D:5      | Reached XP level 8. HP: 54/68 MP: 7/7
  5784 | D:4      | Reached skill level 1 in Stealth
  6418 | D:6      | Found an ancient bone altar of Kikubaaqudgha.
  6674 | D:6      | Mangled by an orc warrior

Illustrated notes

Levels and vault maps discovered:
D:1:      mrwooster_arrival_statue_2, layout_rooms,
          hellmonk_ecumenical_altar_slurped_away
D:2:      layout_basic, uniq_crazy_yiuf_cottage, uniq_robin
D:3:      layout_rooms, nicolae_ru_path_of_blood, kennysheep_decorative_pillar
D:4:      layout_loops_corners, nicolae_wu_jian_wuxing_cycle,
          minmay_misc_feat_cross
D:5:      layout_basic
D:6:      layout_rooms, kennysheep_little_box, minmay_temple_entry_from_below_a,
          nrook_mini_vaults

Skill      XL: |  1  2  3  4  5  6  7  8 |
---------------+-------------------------+-----
Armour         | 4 5 6 8 |  8.2
Dodging        | 1 2 |  2.9
Shields        | 4 5 6 |  6.6
Fighting       | 4 5 6 |  6.0
Long Blades    | 3 4 5 7 8 |  8.4
Stealth        | 1 |  1.1
Evocations     | |  0.6

Action                   |  1- 3 |  4- 6 |  7- 9 || total
-------------------------+-------+-------+-------++-------
Melee: Long sword        |    67 |   165 |   202 ||   434
       Headbutt          |    12 |    23 |    46 ||    81
Evoke: Wand              |       |     3 |     5 ||     8
  Use: Potion            |     2 |       |     2 ||     4
       Scroll            |       |     6 |     6 ||    12
 Stab: Paralysed         |       |       |     5 ||     5
Armor: Scale mail        |    57 |   101 |    75 ||   233
Dodge: Dodged            |    67 |    96 |    90 ||   253
Block: Buckler           |    24 |    67 |    58 ||   149
